 Dungeon Crawl Stone Soup version 0.28-a0-906-g0406aca7d3 (webtiles) character file.

Game seed: 6902657288540088584

352 pokeman the Magician (level 6, -2/34 HPs)
             Began as a Deep Elf Hedge Wizard on Nov 23, 2021.
             Slain by a scorpion (7 damage)
             ... on level 5 of the Dungeon.
             The game lasted 00:11:46 (5831 turns).

pokeman the Magician (Deep Elf Hedge Wizard)        Turns: 5831, Time: 00:11:47

Health: -2/34      AC:  4    Str:  7    XL:     6   Next: 35%
Magic:  15/17      EV: 12    Int: 21    God:
Gold:   179        SH:  0    Dex: 14    Spells: 7/18 levels left

rFire   . . .      SeeInvis .   q - +7 hunting sling of the Lame Duck {flame, rC++ rN+ Will- Stlth+}
rCold   + + .      Faith    .   (no shield)
rNeg    + . .      Spirit   .   d - +0 leather armour
rPois   .          Reflect  .   h - +0 helmet
rElec   .          Harm     .   (no cloak)
rCorr   .          Rampage  .   (no gloves)
Will    .....                   (no boots)
Stlth   +++.......              (no amulet)
HPRegen 0.11/turn               (no ring)
MPRegen 0.15/turn               (no ring)

@: no status effects
A: no striking features
a: no special abilities


You were on level 5 of the Dungeon.
You visited 2 branches of the dungeon, and saw 6 of its levels.

You collected 179 gold pieces.

Inventory:

Hand Weapons
 q - the +7 hunting sling of the Lame Duck (weapon) {flame, rC++ rN+ Will- Stlth+}
   (You found it on level 4 of the Dungeon)

   Any ammunition fired from it burns those it strikes, dealing additional fire
   damage.
   rC:        It greatly protects you from cold.
   rN:        It protects you from negative energy.
   Will:      It decreases your willpower.
   Stlth:     It makes you more stealthy.
 y - a +2 whip of electrocution
Missiles
 e - 61 bolts
 f - 53 arrows
 r - 33 sling bullets (quivered ammo)
 t - 45 stones
Armour
 c - a +0 buckler
 d - a +0 leather armour (worn)
 h - a +0 helmet (worn)
Magical Staves
 w - a staff of conjuration
Scrolls
 a - a scroll of amnesia {unknown}
 b - 3 scrolls of enchant armour {unknown}
 g - a scroll of enchant weapon {unknown}
 p - 4 scrolls of teleportation {unknown}
 s - 3 scrolls of identify {unknown}
 u - a scroll of immolation {unknown}
 x - a scroll of silence {unknown}
Potions
 i - 2 potions of might {unknown}
 j - 3 potions of brilliance {unknown}
 k - 2 potions of mutation {unknown}
 l - a potion of cancellation {unknown}
 m - 2 potions of heal wounds
 n - a potion of haste {unknown}
 o - a potion of berserk rage {unknown}
 v - a potion of curing {unknown}


   Skills:
 - Level 1.0 Fighting
 + Level 0.8 Slings
 - Level 1.0 Armour
 - Level 3.0 Dodging
 - Level 3.0 Stealth
 - Level 1.0 Shields
 * Level 6.9 Spellcasting
 + Level 3.1 Conjurations
 - Level 1.1 Summonings
 - Level 1.1 Translocations
 + Level 1.7 Fire Magic


You had 7 spell levels left.
You knew the following spells:

 Your Spells              Type           Power      Damage    Failure   Level
a - Magic Dart            Conj           80%        1d7       3%          1
b - Mephitic Cloud        Conj/Pois/Air  11%        N/A       26%         3
c - Call Imp              Summ           11%        N/A       12%         2
d - Blink                 Tloc           22%        N/A       12%         2
e - Conjure Flame         Conj/Fire      17%        6-21      14%         3

Your spell library contained the following spells:

 Spells                   Type           Power      Damage    Failure   Level
 Slow                     Hex            28%        N/A       13%         1


Dungeon Overview and Level Annotations

Branches:
Dungeon (5/15)             Temple (1/1) D:5

Altars:
Dithmenos
Elyvilon
Hepliaklqana
Kikubaaqudgha
Okawaru
Ru
Trog
Uskayaw
Wu Jian
Zin
The Shining One

Shops:
D:2 (

Portals:
Ossuary: D:5

Annotations:
D:5 Pikel


Message History

The bullfrog zombie hits you but does no damage.
Found two escape hatches in the floor.
Found a sand-covered staircase.
There is an open door here.
The bullfrog zombie hits you but does no damage.
Casting: Mephitic Cloud (quite dangerous; 26% risk of failure)
Confirm with . or Enter, or press ? or * to list all spells.
You miscast Blink.
You are very lightly contaminated with residual magic.
Nothing appears to happen.
The bullfrog zombie hits you but does no damage.
The scorpion stings you.
You are poisoned.
The scorpion poisons you!
The bullfrog zombie hits you but does no damage.
The scorpion closely misses you.
Casting: Blink (safe; 12% risk of failure)
Confirm with . or Enter, or press ? or * to list all spells.
You blink.
You feel very sick.
Unknown command.
You feel sick. The bullfrog zombie barely misses you.
You feel sick.
You feel sick.
You feel sick.
You feel stable enough to blink again.
You feel sick.
You feel sick.
You feel sick.
You are no longer poisoned.
Your magical contamination has completely faded away.
You open the door. The bullfrog zombie barely misses you.
The scorpion barely misses you.
Found an escape hatch in the floor.
A howler monkey zombie comes into view.
The bullfrog zombie hits you.
* * * LOW HITPOINT WARNING * * *
The bullfrog zombie barely misses you.
There is an open door here.
The scorpion stings you!
You die...

..........................
..........................
.........................
.........................
#.........#.......##.
#...#####.......... .
#.Z#### ##'######.. .
#..#s..#...## .
....##.@.#.>.# . .Z....
#...#...# ...... #########
..... ... .. ....# .>.#.>
.... #...#.. +####


You could see a scorpion and a bullfrog zombie.

Vanquished Creatures
  A jelly (D:3)
  An orc priest (D:4)
  2 iguanas (D:4)
  3 orc wizards
  3 adders
  2 gnolls (D:2)
  2 worms (D:3)
  A dart slug (D:3)
  11 orcs
  5 bats
  8 endoplasms
  A giant cockroach (D:4)
  3 hobgoblins
  2 jackals (D:4)
  7 kobolds
  2 quokkas
  3 ball pythons
  A frilled lizard (D:1)
  5 goblins
  2 rats
65 creatures vanquished.

Vanquished Creatures (collateral kills)
  An orc wizard (D:3)
  A gnoll (D:2)
  A worm (D:3)
  2 orcs (D:3)
5 creatures vanquished.

Grand Total: 70 creatures vanquished

Notes
Turn   | Place    | Note
-------+----------+-------------------------------------------
     0 | D:1      | pokeman the Deep Elf Hedge Wizard began the quest for the
                  | Orb.
     0 | D:1      | Reached XP level 1. HP: 10/10 MP: 7/7
   795 | D:2      | Reached XP level 2. HP: 15/16 MP: 0/9
  1253 | D:2      | Reached skill level 5 in Spellcasting
  1684 | D:2      | Reached XP level 3. HP: 20/20 MP: 9/11
  1688 | D:2      | Learned a level 3 spell: Mephitic Cloud
  1691 | D:2      | Learned a level 2 spell: Call Imp
  1694 | D:2      | Learned a level 2 spell: Blink
  1698 | D:2      | Learned a level 3 spell: Conjure Flame
  1718 | D:2      | Found Hotwerep's Antique Weapon Emporium.
  1904 | D:2      | HP: 1/20 [gnoll (15)]
  1952 | D:2      | Reached skill level 1 in Fighting
  1952 | D:2      | Reached skill level 1 in Armour
  2836 | D:3      | Reached XP level 4. HP: 11/25 MP: 1/13
  3465 | D:3      | Found a faded altar of an unknown god.
  3581 | D:3      | Reached skill level 6 in Spellcasting
  3581 | D:3      | Reached XP level 5. HP: 25/29 MP: 7/15
  3822 | D:3      | Reached skill level 1 in Shields
  4459 | D:4      | Identified the +7 hunting sling of the Lame Duck {flame,
                  | rC++ rN+ Will- Stlth+}
  4811 | D:4      | Reached skill level 1 in Fire Magic
  4825 | D:4      | Reached XP level 6. HP: 31/34 MP: 9/17
  5328 | D:4      | Found a white marble altar of Elyvilon.
  5564 | D:5      | Entered Level 5 of the Dungeon
  5607 | D:5      | Found a shadowy altar of Dithmenos.
  5619 | D:5      | Noticed a sky beast
  5630 | D:5      | Found a staircase to the Ecumenical Temple.
  5641 | Temple   | Entered the Ecumenical Temple
  5712 | D:5      | Noticed Pikel
  5817 | D:5      | Found a sand-covered staircase.
  5831 | D:5      | Slain by a scorpion

Illustrated notes

Levels and vault maps discovered:
D:1:      dpeg_arrival_simpleton_c, layout_basic, nicolae_figureground_sparkle
D:2:      layout_rooms, serial_shops, nicolae_shop_hallway_stairs
D:3:      layout_loops_corners, chequers_ecumenical_altar_simple_redux
D:4:      layout_loops_ring, elyvilon_altar_3
D:5:      layout_basic, nicolae_dithmenos_the_darkroom,
          minmay_temple_entry_ruins, nicolae_ossuary_entry_false_entrances,
          serial_park_tiny_2, nicolae_shop_self_help, uniq_pikel
Temple:   compressed_dpeg_triangle_lava_temple

Skill      XL: |  1  2  3  4  5 |
---------------+----------------+-----
Spellcasting   | 5 6 |  6.9
Fighting       | 1 |  1.0
Armour         | 1 |  1.0
Conjurations   | 2 3 |  3.1
Dodging        | 3 |  3.0
Shields        | 1 |  1.0
Fire Magic     | 1 |  1.7
Stealth        | 3 |  3.0
Slings         | |  0.8
Summonings     | |  1.1
Translocations | |  1.1

Action                   |  1- 3 |  4- 6 || total
-------------------------+-------+-------++-------
Melee: Falchion          |     7 |     5 ||    12
       Dagger            |     5 |    23 ||    28
 Fire: Hunting sling     |       |    35 ||    35
 Cast: Magic Dart        |    93 |    54 ||   147
       Mephitic Cloud    |     3 |     3 ||     6
       Call Imp          |     2 |     4 ||     6
       Conjure Flame     |     2 |       ||     2
       Blink             |     1 |     1 ||     2
 Stab: Confused          |     1 |     2 ||     3
Armor: Leather armour    |     8 |    16 ||    24
Dodge: Dodged            |    14 |    21 ||    35

Table legend: (Time is in decaauts)
 A = Elapsed time spent in this place.
 B = Non-inter-level travel time spent in this place.
 C = Inter-level travel time spent in this place.
 D = Time resting spent in this place.
 E = Time spent auto-exploring this place.
 F = Levels seen in this place.
 G = Mean time per level.
                   A        B        C        D        E       F      G
               +--------+--------+--------+--------+--------+-----+--------+
         Total |   5846 |   5408 |    438 |    247 |   4221 |   6 |  974.3 |
       Dungeon |   5784 |   5346 |    438 |    247 |   4221 |   5 | 1156.8 |
        Temple |     61 |     61 |      0 |      0 |      0 |   1 |   61.0 |
               +--------+--------+--------+--------+--------+-----+--------+

Top non-repeatable levels by time:
     D:3: 2326 daAuts
     D:2: 1167 daAuts
     D:1: 1099 daAuts
     D:4: 1052 daAuts
     D:5: 139 daAuts
  Temple: 61 daAuts
